 Dungeon Crawl Stone Soup version 0.31-a0-1093-gadecf4124d (webtiles) character file.

Game seed: 5078423412655436183

2647 Bnni the Skirmisher (level 9, -7/47 HPs)
             Began as a Spriggan Hunter on Nov 29, 2023.
             Was a Believer of Fedhas.
             Mangled by an orc warrior
             ... wielding a +3 war axe
              (12 damage)
             ... in a bailey.
             The game lasted 00:16:07 (5342 turns).

Bnni the Skirmisher (Spriggan Hunter)               Turns: 5342, Time: 00:16:09

Health: -7/47      AC:  5    Str:  7    XL:     9   Next: 36%
Magic:  11/13      EV: 24    Int: 11    God:    Fedhas [**....]
Gold:   292        SH:  0    Dex: 22    Spells: 8/8 levels left

rFire   + . .        a - +0 shortbow
rCold   . . .        (shield currently unavailable)
rNeg    . . .        F - +0 steam dragon scales
rPois   .            (helmet restricted)
rElec   .            (no cloak)
rCorr   .            (gloves unavailable)
SInv    +            (boots unavailable)
Will    +....        (no amulet)
Stlth   ++           r - +4 ring of slaying
HPRegen 0.27/turn    f - ring of protection from fire
MPRegen 0.13/turn

%: no passive effects
@: lethally poisoned (-7 -> -11), slowed, quick
A: very small, no large weapons, unfitting armour, see invisible, speed 3
a: Renounce Religion, Wall of Briars


You were in a bailey.
You worshipped Fedhas.
Fedhas was pleased with you.
You visited 1 branch of the dungeon, and saw 7 of its levels.
You also visited: Bailey.

You collected 388 gold pieces.
You spent 96 gold pieces at shops.

Inventory:

Hand Weapons
 a - a +0 shortbow (weapon)
 d - the +1 rapier "Tipats" {freeze, rElec rPois Int-5 SInv}
   (You found it on level 3 of the Dungeon)

   Int-5:     It affects your intelligence (-5).
   rElec:     It insulates you from electricity.
   rPois:     It protects you from poison SInv: It lets you see invisible.
 q - a +1 dagger of venom
Missiles
 h - 15 poisoned darts
Armour
 n - a +0 buckler
 F - +0 steam dragon scales (worn)
Jewellery
 f - a ring of protection from fire (right hand)
 r - a +4 ring of slaying (left hand)
Wands
 c - a wand of roots (7)
 w - a wand of light (3)
Scrolls
 i - 5 scrolls of revelation
 l - a scroll of immolation
 p - 3 scrolls of teleportation {unknown}
 s - 3 scrolls of blinking {unknown}
 t - a scroll of identify
 u - a scroll of enchant weapon {unknown}
 y - a scroll of vulnerability {unknown}
 z - a scroll of brand weapon {unknown}
 D - a scroll of summoning {unknown}
 E - a scroll of fear {unknown}
Potions
 e - 2 potions of cancellation
 g - a potion of ambrosia
 j - a potion of enlightenment
 k - a potion of curing
 o - a potion of mutation
 v - a potion of heal wounds
 x - a potion of brilliance {unknown}
 A - 2 potions of might {unknown}
 B - a potion of magic {unknown}
 C - a potion of attraction {unknown}


   Skills:
 + Level 5.1 Fighting
 * Level 9.2 Ranged Weapons
 + Level 8.1 Dodging
 - Level 1.5 Stealth
 + Level 5.0 Invocations


You had 8 spell levels left.
You didn't know any spells.
Your spell library contained the following spells:

 Spells                   Type           Power      Damage    Failure   Level
 Shock                    Conj/Air       0%         1d3       34%         1
 Cigotuvi's Dreadful Rot  Necr/Pois/Air  0%         N/A       47%         2
 Dazzling Flash           Conj/Hex       0%         N/A       71%         3
 Ignite Poison            Fire/Tmut/Pois 0%         N/A       71%         3
 Stone Arrow              Conj/Erth      0%         3d7       71%         3
 Volatile Blastmotes      Fire/Tloc      0%         2d10      71%         3
 Animate Armour           Summ/Erth      0%         N/A       98%         4
 Freezing Cloud           Conj/Ice/Air   0%         6-21      100%        5
 Starburst                Conj/Fire      0%         6d3       100%        6
 Lehudib's Crystal Spear  Conj/Erth      0%         10d2      100%        8
 Maxwell's Capacitive Co  Air            0%         ∞         100%        8


Dungeon Overview and Level Annotations

Branches:
Dungeon (7/15)             Temple (0/1) D:4          Bailey (1/1)

Altars:
Fedhas
Hepliaklqana
Makhleb
Qazlal
Sif Muna
Trog

Shops:
D:3 *=([


Innate Abilities, Weirdness & Mutations

You are very small and have problems with some larger weapons.
You are too small for most types of armour.
You have supernaturally acute eyesight. (SInv)
You cover ground extremely quickly. (Speed+++)


Message History

The kobold brigand is almost dead.
The orc warrior is struck by your briar patch's thorns.
The orc warrior hits your briar patch but does no damage.
The orc warrior hits your briar patch with a +3 war axe! x2
The orc warrior hits your briar patch with a +3 war axe. x3
The orc warrior hits your briar patch but does no damage.
The orc warrior is struck by your briar patch's thorns.
The orc warrior dies!
Fedhas appreciates your contribution to the ecosystem.
The kobold brigand throws a poisoned dart.
The poisoned dart hits you!
You are poisoned.
The orc warrior hits your briar patch with a +3 war axe! x3
Your briar patch is destroyed!
Your briar patch disappears in a puff of smoke!
The orc warrior hits your briar patch but does no damage.
The orc warrior hits your briar patch with a +3 war axe. x3
Your Invocations skill increases to level 5!
Unknown command.
Fire: a) +0 shortbow
Press: ? - help, Shift-Dir - straight line, f/p - kobold brigand
Aim: a kobold brigand, wielding a +0 war axe and quivering curare-tipped darts (almost dead, 67% to hit)
You shoot an arrow. Fedhas protects your plant from harm.
The arrow hits the kobold brigand!
You kill the kobold brigand!
Fedhas appreciates your contribution to the ecosystem.
You feel very sick.
The kobold brigand throws a poisoned dart.
The poisoned dart closely misses you.
Unknown command.
Unknown command.
You walk carefully through the plants.
You feel sick.
The orc warrior hits you with a +3 war axe!
* * * LOW HITPOINT WARNING * * *
The orc warrior hits your briar patch with a +3 war axe. x2
The orc warrior hits your briar patch but does no damage.
The orc warrior hits you with a +3 war axe!
You die...
Fedhas appreciates your contribution to the ecosystem.

#...# #...# #.).#
####(.(####
##~.......~##
#####~~..)....~~#####
#....(~..)PPK.~(....#
#.###~(..P.o..~~###.#
#...)~~..PP@.(~~(...#
#.###~~....)..~~###.#
#o...~~.......~~....#
#o###~~.......~~###.#
#K...~~.......~~....#
#.###~~...)...~~###.#
#....~~.......)~....#
#####~~.......~~#####
##~.......~##


You could see an orc warrior (ally target) and a kobold brigand.

Vanquished Creatures
  An unseen horror (D:6)
  Sigmund (D:5)
  A steam dragon (D:7)
  A black bear (D:5)
  2 orc warriors
  3 ogres
  A centaur (D:6)
  7 kobold brigands (Bailey)
  A scorpion (D:5)
  A gnoll sergeant (D:7)
  A howler monkey (D:6)
  A gnoll bouda (D:6)
  2 hounds
  3 jellies
  2 orc priests
  3 iron imps (D:5)
  An iguana (D:5)
  An orc wizard (D:6)
  14 gnolls
  11 adders
  2 shadow imps
  A white imp (D:3)
  2 ufetubi (D:6)
  2 worms
  3 dart slugs
  18 orcs
  9 ball pythons
  7 bats
  5 endoplasms
  6 giant cockroaches
  15 goblins
  8 hobgoblins
  3 jackals (D:3)
  4 quokkas
  A frilled lizard (D:2)
  14 kobolds
  3 rats
161 creatures vanquished.

Vanquished Creatures (collateral kills)
  An orc warrior (Bailey)
1 creature vanquished.

Grand Total: 162 creatures vanquished

Notes
Turn   | Place    | Note
-------+----------+-------------------------------------------
     0 | D:1      | Bnni the Spriggan Hunter began the quest for the Orb.
     0 | D:1      | Reached XP level 1. HP: 10/10 MP: 2/2
    77 | D:1      | Reached XP level 2. HP: 15/15 MP: 3/3
   751 | D:1      | Reached XP level 3. HP: 18/18 MP: 4/4
  1013 | D:2      | You fall into a shaft and drop 2 floors!
  1123 | D:3      | Noticed an earth elemental
  1125 | D:3      | Found a stormy altar of Qazlal.
  1127 | D:3      | Noticed an air elemental
  1127 | D:3      | Noticed a water elemental
  1127 | D:3      | Noticed a fire elemental
  1238 | D:2      | Reached XP level 4. HP: 23/23 MP: 5/5
  1600 | D:3      | Found Xiujut's Jewellery Emporium.
  1685 | D:3      | Found Alyarr's General Store.
  1776 | D:3      | Reached skill level 5 in Ranged Weapons
  1860 | D:3      | Found Tipnan's Antique Armour Shoppe.
  1998 | D:3      | Found a shimmering blue altar of Sif Muna.
  2005 | D:3      | Got Sif Muna's Handbook of Feathers
  2011 | D:3      | Found a bloodstained altar of Trog.
  2064 | D:3      | Identified the +1 rapier "Tipats" {freeze, rElec rPois
                  | Int-5 SInv}
  2285 | D:3      | Found Jungut's Weapon Boutique.
  2285 | D:3      | Noticed a +0 great mace
  2286 | D:3      | Noticed a +0 great mace
  2421 | D:3      | Bought a glowing robe for 96 gold pieces
  2582 | D:4      | Reached XP level 5. HP: 27/27 MP: 6/6
  2585 | D:4      | Found a blossoming altar of Fedhas.
  2591 | D:4      | Became a worshipper of Fedhas Madash
  2691 | D:4      | Noticed an ogre
  2707 | D:4      | Killed an ogre
  2708 | D:4      | Reached skill level 1 in Invocations
  2821 | D:4      | Found a staircase to the Ecumenical Temple.
  2877 | D:4      | Noticed an ogre
  2881 | D:4      | Killed an ogre
  2882 | D:4      | Reached XP level 6. HP: 32/32 MP: 6/8
  2958 | D:5      | Entered Level 5 of the Dungeon
  2964 | D:4      | Reached skill level 6 in Ranged Weapons
  3094 | D:5      | Reached skill level 5 in Dodging
  3138 | D:5      | Found a burning altar of Makhleb.
  3167 | D:5      | Reached XP level 7. HP: 36/36 MP: 9/9
  3527 | D:5      | Reached * piety under Fedhas
  3567 | D:5      | Noticed Sigmund
  3589 | D:5      | Killed Sigmund
  3590 | D:5      | Reached skill level 7 in Ranged Weapons
  4034 | D:6      | Reached XP level 8. HP: 42/42 MP: 11/11
  4124 | D:6      | Noticed an unseen horror
  4170 | D:6      | Found a hazy altar of Hepliaklqana.
  4535 | D:6      | Reached ** piety under Fedhas
  4759 | D:6      | Killed an unseen horror
  4760 | D:6      | Reached skill level 8 in Ranged Weapons
  4938 | D:7      | Reached XP level 9. HP: 46/46 MP: 13/13
  4968 | D:7      | Found a flagged portal.
  4988 | Bailey   | Entered a bailey
  5255 | Bailey   | Reached skill level 9 in Ranged Weapons
  5267 | Bailey   | Reached skill level 5 in Fighting
  5341 | Bailey   | Reached skill level 5 in Invocations
  5342 | Bailey   | Mangled by an orc warrior

Illustrated notes

Levels and vault maps discovered:
D:1:      tarquinn_simple_flora_water_b, layout_loops_ring, amethyst_killhole
D:2:      layout_loops_ring
D:3:      cheibrodos_greedy_goblins, layout_basic,
          nzn_overflow_gifts_of_might_and_magic,
          nicolae_qazlal_style_of_elements, serial_shops, shop, shop, shop,
          nicolae_shop_mannequins
D:4:      layout_basic, mainiacjoe_overflow_24_doors,
          minmay_temple_entry_statues_pillars
D:5:      layout_basic, demons_altar, uniq_sigmund
D:6:      layout_basic, worldfamousw_hep_ancestral_shrine
D:7:      gammafunk_steamed_eel, layout_basic, okawaru_ov_weapons_minmay,
          nicolae_wu_jian_wuxing_cycle, enter_bailey_4
Bailey:   bailey_axe_3, bailey

Skill      XL: |  1  2  3  4  5  6  7  8  9 |
---------------+----------------------------+-----
Dodging        | 3 4 5 6 7 8 |  8.1
Fighting       | 2 3 4 5 |  5.1
Ranged Weapons | 5 6 7 8 9 |  9.2
Invocations    | 1 2 3 4 5 |  5.0
Stealth        | |  1.5

Action                     |  1- 3 |  4- 6 |  7- 9 || total
---------------------------+-------+-------+-------++-------
   Fire: Shortbow          |   105 |   128 |   281 ||   514
  Throw: Dart              |       |       |     4 ||     4
         Throwing net      |       |       |     1 ||     1
 Invoke: Wall of Briars    |       |       |     2 ||     2
  Evoke: Wand              |       |       |     5 ||     5
    Use: Scroll            |       |     7 |     2 ||     9
         Potion            |       |       |     3 ||     3
 Armour: Robe              |     9 |    10 |    13 ||    32
         Steam dragon scal |       |       |     9 ||     9
  Dodge: Dodged            |    37 |    20 |   139 ||   196

Table legend: (Time is in decaauts)
 A = Elapsed time spent in this place.
 B = Non-inter-level travel time spent in this place.
 C = Inter-level travel time spent in this place.
 D = Time resting spent in this place.
 E = Time spent auto-exploring this place.
 F = Levels seen in this place.
 G = Mean time per level.
                   A        B        C        D        E       F      G
               +--------+--------+--------+--------+--------+-----+--------+
         Total |   3729 |   3614 |    115 |    167 |   2405 |   8 |  466.1 |
       Dungeon |   3415 |   3300 |    115 |     85 |   2386 |   7 |  487.9 |
        Bailey |    314 |    314 |      0 |     82 |     19 |   1 |  314.0 |
               +--------+--------+--------+--------+--------+-----+--------+

Top non-repeatable levels by time:
     D:3: 705 daAuts
     D:6: 685 daAuts
     D:5: 565 daAuts
     D:1: 531 daAuts
     D:4: 446 daAuts
     D:2: 374 daAuts
  Bailey: 314 daAuts
     D:7: 106 daAuts
